 Dungeon Crawl Stone Soup version 0.25-a0-424-g80bd347ae0 (webtiles) character file.

Game seed: 2450474125065619615, levelgen mode: deterministic

155 Conn the Magician (level 5, -6/33 HPs)
             Began as an Octopode Wizard on Jan 21, 2020.
             Was a Follower of Sif Muna.
             Killed by divine providence
             ... invoked by an orc priest
              (15 damage)
             ... on level 3 of the Dungeon.
             The game lasted 00:12:22 (3170 turns).

Conn the Magician (Octopode Wizard)                 Turns: 3170, Time: 00:12:23

Health: -6/33      AC:  1    Str:  6    XL:     5   Next: 37%
Magic:  10/20      EV: 13    Int: 21    God:    Sif Muna [*.....]
Gold:   72         SH:  0    Dex: 11    Spells: 1/12 levels left

rFire    . . .     SeeInvis .   l - +0 short sword
rCold    . . .     Gourm    .   (no shield)
rNeg     . . .     Faith    .   a - +0 hat
rPois    .         Spirit   .   (no amulet)
rElec    .         Reflect  .   i - ring of magical power
rCorr    .         Harm     .   (no ring)
MR       .....                  (no ring)
Stlth    +++.......             (no ring)
HPRegen  0.11/turn              (no ring)
MPRegen  0.17/turn              (no ring)
                                (no ring)
                                (no ring)

@: very slightly contaminated
A: almost no armour, stealthy swim, amphibious, 8 rings, constrict 8, camouflage
1, gelatinous body 1
a: Channel Magic, Renounce Religion


You were on level 3 of the Dungeon.
You worshipped Sif Muna.
Sif Muna was aware of your devotion.
You were not hungry.

You visited 1 branch of the dungeon, and saw 3 of its levels.

You collected 72 gold pieces.

Inventory:

Hand Weapons
 h - a +0 dagger
 k - a +4 quarterstaff of chaos
 l - a +0 short sword (weapon)
Armour
 a - a +0 hat (worn)
Jewellery
 i - a ring of magical power (left tentacle)
Scrolls
 d - 2 scrolls of blinking
 f - a scroll of remove curse
 g - a scroll of teleportation
 j - a scroll of magic mapping
Potions
 b - 3 potions of brilliance
Comestibles
 c - 4 rations
 m - 11 chunks of flesh


   Skills:
 * Level 1.4 Fighting
 + Level 2.2 Dodging
 + Level 3.9 Stealth
 * Level 4.1 Spellcasting
 * Level 2.0 Conjurations
 + Level 1.2 Summonings
 + Level 1.0 Translocations
 * Level 0.8 Air Magic
 * Level 0.4 Poison Magic


You had one spell level left.
You knew the following spells:

 Your Spells              Type           Power        Failure   Level  Hunger
a - Magic Dart            Conj           ##..         4%          1    None
b - Blink                 Tloc           N/A          12%         2    #......
c - Call Imp              Summ           #.......     11%         2    #......
d - Mephitic Cloud        Conj/Pois/Air  #.......     22%         3    ###....
e - Conjure Flame         Conj/Fire      #.......     24%         3    ###....

Your spell library contained the following spells:

 Spells                   Type           Power        Failure   Level  Hunger
 Slow                     Hex            #.......     19%         2    #......


Dungeon Overview and Level Annotations

Branches:
Dungeon (3/15)

Altars:
Fedhas
Sif Muna


Innate Abilities, Weirdness & Mutations

You cannot wear most types of armour.
You are very stealthy in the water. (Stealth+)
You are amphibious.
You can wear up to eight rings at the same time.
You can use your tentacles to constrict eight enemies at once.
Your skin changes colour to match your surroundings (Stealth+).
Your rubbery body absorbs attacks. (AC +1, EV +1)


Message History

Your white imp gestures at the kobold.
The puff of frost hits something.
What are your orders? t - Shout!
Orders for allies: a - Attack new target. r - Retreat! s - Stop attacking. g - Guard the area. f - Follow me.
Anything else - Cancel.
Guard this area!
Something hits your white imp but does no damage.
The orc priest mumbles some strange prayers to Beogh against you.
Beogh smites you!
* * * LOW HITPOINT WARNING * * *
Okay, then.
Casting: Call Imp (safe; 11% risk of failure)
Confirm with . or Enter, or press ? or * to list all spells.
You miscast Blink.
You feel uncomfortable.
The orc priest calls down the wrath of Beogh upon you.
Beogh smites you!
You die...

...#.. .....#.#
#.#.##.# #.#.##.#
#.#.##o# #.#.##K# ###
#.#.##†#
...########.#.##{####
..........).....@5..#
.......)÷÷..#######.#
#......÷.÷..# #.#
#.....####..# #.#
##....# #..# #.#
##.#.# #..# #.#
#.#.####..# #.#
#.#.##....#######.#
##.#.##.##.........##


You could see an orc priest, a kobold and a friendly white imp (wandering).

Vanquished Creatures
  Crazy Yiuf (D:2)
  An orc wizard (D:3)
  3 adders
  2 dart slugs
  5 orcs (D:3)
  2 ball pythons
  3 giant cockroaches
  2 goblins (D:2)
  3 hobgoblins
  8 jackals
  5 bats
  2 frilled lizards
  5 kobolds
  5 rats
47 creatures vanquished.

Vanquished Creatures (collateral kills)
  Jessica (D:2)
  3 adders
  A dart slug (D:3)
  2 orcs (D:3)
  4 bats
  A giant cockroach (D:1)
12 creatures vanquished.

Grand Total: 59 creatures vanquished

Notes
Turn   | Place    | Note
-------+----------+-------------------------------------------
     0 | D:1      | Conn the Octopode Wizard began the quest for the Orb.
     0 | D:1      | Reached XP level 1. HP: 11/11 MP: 4/4
   354 | D:1      | Reached XP level 2. HP: 10/17 MP: 3/6
   933 | D:1      | Learned a level 2 spell: Blink
   936 | D:1      | Learned a level 2 spell: Call Imp
  1296 | D:2      | Found a blossoming altar of Fedhas.
  1304 | D:2      | Noticed Jessica
  1318 | D:2      | Killed Jessica
  1318 | D:2      | Reached XP level 3. HP: 22/22 MP: 2/8
  1815 | D:2      | Learned a level 3 spell: Mephitic Cloud
  1867 | D:2      | Found a shimmering blue altar of Sif Muna.
  1870 | D:2      | Became a worshipper of Sif Muna the Loreminder
  1976 | D:2      | Reached XP level 4. HP: 27/27 MP: 9/9
  2109 | D:2      | Reached skill level 1 in Fighting
  2268 | D:2      | Found a runed translucent door.
  2269 | D:2      | Noticed Crazy Yiuf
  2289 | D:2      | Killed Crazy Yiuf
  2956 | D:3      | Reached XP level 5. HP: 33/33 MP: 10/10
  2982 | D:3      | Reached skill level 4 in Spellcasting
  3114 | D:3      | Learned a level 3 spell: Conjure Flame
  3159 | D:3      | Reached * piety under Sif Muna
  3170 | D:3      | Killed from afar by an orc priest

Levels and vault maps discovered:
D:1:      lemuel_arrival_tunnels, layout_basic, minmay_pentomino_u2
D:2:      layout_basic, lemuel_blue_sif_altar, fedhas_altar_3,
          grunt_decor_mini_mirrors, uniq_crazy_yiuf_cottage, uniq_jessica
D:3:      layout_loops_ring, regret_index_temple_of_mockery, old_standard_altar,
          gammafunk_ghost_nasty_kobolds

Skill      XL: |  1  2  3  4  5 |
---------------+----------------+-----
Stealth        | 3 |  3.9
Fighting       | 1 |  1.4
Conjurations   | 2 |  2.0
Spellcasting   | 4 |  4.1
Dodging        | |  2.2
Summonings     | |  1.2
Translocations | |  1.0
Air Magic      | |  0.8
Poison Magic   | |  0.4

Action                   |  1- 3 |  4- 6 || total
-------------------------+-------+-------++-------
Melee: Unarmed           |    52 |       ||    52
       Constrict         |    13 |     7 ||    20
       Tentacles         |     7 |     3 ||    10
       Dagger            |    11 |     5 ||    16
       Short sword       |       |    18 ||    18
 Cast: Magic Dart        |    27 |    18 ||    45
       Call Imp          |     4 |     9 ||    13
       Mephitic Cloud    |       |     4 ||     4
       Blink             |       |     2 ||     2
  Use: Potion            |     1 |       ||     1
       Scroll            |       |     5 ||     5
 Stab: Sleeping          |     8 |     2 ||    10
       Distracted        |       |     1 ||     1
       Confused          |       |     1 ||     1
  Eat: Chunk             |     3 |     2 ||     5
       Ration            |       |     1 ||     1
Armor: Skin              |     7 |     8 ||    15
Dodge: Dodged            |    62 |    23 ||    85

Table legend:
 A = Non-vault XP
 B = Vault XP
 C = Vault XP percentage of total XP
 D = Non-vault monster count
 E = Vault monster count
 F = Vault count percentage of total count
                 A         B        C        D         E       F
            +---------+---------+-------+---------+---------+-------
      Total |     177 |      45 |  20.3 |      55 |       4 |   6.8
            +---------+---------+-------+---------+---------+-------
        D:1 |      26 |       4 |  13.3 |      16 |       2 |  11.1
        D:2 |      65 |      41 |  38.7 |      19 |       2 |   9.5
        D:3 |      86 |       0 |   0.0 |      20 |       0 |   0.0
            +---------+---------+-------+---------+---------+-------
